 Dungeon Crawl Stone Soup version 0.31-a0-358-gac0dbeb3ab (webtiles) character file.

Game seed: 12597460009709554967

68 randomguy2701 the Trooper (level 4, 0/41 HPs)
             Began as a Minotaur Fighter on July 25, 2023.
             Slain by Natasha (5 damage)
             ... on level 2 of the Dungeon.
             The game lasted 00:01:39 (840 turns).

randomguy2701 the Trooper (Minotaur Fighter)         Turns: 840, Time: 00:01:40

Health: 0/41       AC:  7    Str: 23    XL:     4   Next: 1%
Magic:  3/3        EV:  9    Int:  5    God:
Gold:   95         SH:  4    Dex:  9    Spells: 3/3 levels left

rFire   . . .        a - +0 long sword
rCold   . . .        c - +0 buckler
rNeg    . . .        b - +0 scale mail
rPois   .            (helmet restricted)
rElec   .            (no cloak)
rCorr   .            (no gloves)
SInv    .            (no boots)
Will    .....        (no amulet) Stlth
                     (no ring)
HPRegen 0.26/turn    (no ring)
MPRegen 0.08/turn

%: no passive effects
@: no status effects
A: horns 2, retaliatory headbutt
a: no special abilities


You were on level 2 of the Dungeon.
You visited 1 branch of the dungeon, and saw 2 of its levels.

You collected 95 gold pieces.

Inventory:

Hand Weapons
 a - a +0 long sword (weapon)
Armour
 b - a +0 scale mail (worn)
 c - a +0 buckler (worn)
Scrolls
 f - 3 scrolls of identify {unknown}
 h - 2 scrolls of revelation {unknown}
 i - a scroll of poison {unknown}
 j - a scroll of amnesia {unknown}
Potions
 d - a potion of might
 e - 4 potions of haste {unknown}
 g - a potion of attraction {unknown}
 k - 2 potions of brilliance {unknown}
 l - a potion of resistance {unknown}


   Skills:
 + Level 4.3 Fighting
 + Level 3.6 Long Blades
 + Level 4.2 Armour
 + Level 0.1 Dodging
 + Level 4.0 Shields


You had 3 spell levels left.
You didn't know any spells.
Your spell library was empty.

Dungeon Overview and Level Annotations

Branches:
Dungeon (2/15)

Altars:

Shops:
D:2 =

Annotations:
D:2 Natasha


Innate Abilities, Weirdness & Mutations

You have a pair of horns on your head.
You reflexively headbutt those who attack you in melee.


Message History

You kill the cerulean imp!
The cerulean imp disappears in a puff of smoke!
Natasha claws you. The cerulean imp barely misses you. Natasha claws you!
You are too injured to fight recklessly!
You closely miss Natasha. You block the cerulean imp's attack.
Natasha casts a spell.
You slash Natasha!
Natasha is heavily wounded.
The cerulean imp hits you but does no damage.
Natasha mewls in sadness.
Natasha claws you but does no damage.
The cerulean imp hits you from afar with a +2 spear.
The cerulean imp hits you from afar with a +0 spear.
You hit Natasha.
Natasha is heavily wounded.
You block Natasha's attack.
The cerulean imp hits you from afar with a +2 spear.
* * * LOW HITPOINT WARNING * * *
You block the cerulean imp's attack.
Natasha hisses.
Natasha closely misses you. You furiously retaliate!
You headbutt Natasha. You miss Natasha.
Natasha is severely wounded.
The cerulean imp hits you but does no damage.
You block the cerulean imp's attack. Natasha barely misses you.
Unknown command.
You closely miss Natasha.
Natasha is severely wounded.
You block the cerulean imp's attack. The cerulean imp barely misses you.
Natasha claws you.
* * * LOW HITPOINT WARNING * * *
The cerulean imp hits you but does no damage.
The cerulean imp barely misses you.
You closely miss Natasha.
Natasha is severely wounded.
The cerulean imp disappears in a puff of smoke!
Natasha howls an incantation.
You feel disoriented. Natasha claws you.
You die...

#........#####
##.######...... ##...##
###<... ####.....## #
#...)
##.#.......#.####...
####.............######
####.#...............#
##.#........5...........
#.........@h............
##.#........ยง...........
####.#...............#.
####.............######
##.#.....[.#.####...
####.)...####.....#
##...## #####.# ##.#####
####.#
...########.##..###....#


You could see Natasha and a cerulean imp (summoned).

Vanquished Creatures
  Natasha (D:2)
  6 bats (D:1)
  5 endoplasms
  2 giant cockroaches
  4 goblins (D:1)
  6 hobgoblins
  3 jackals (D:2)
  2 kobolds
  A quokka (D:1)
  3 ball pythons
  6 rats
39 creatures vanquished.

Notes
Turn   | Place    | Note
-------+----------+-------------------------------------------
     0 | D:1      | randomguy2701 the Minotaur Fighter began the quest for the
                  | Orb.
     0 | D:1      | Reached XP level 1. HP: 19/19 MP: 0/0
   174 | D:1      | Reached XP level 2. HP: 27/27 MP: 1/1
   520 | D:2      | Reached XP level 3. HP: 33/33 MP: 2/2
   559 | D:2      | Noticed Natasha
   570 | D:2      | Killed Natasha
   724 | D:2      | Found Hakuany's Jewellery Shop.
   734 | D:2      | Reached XP level 4. HP: 41/41 MP: 3/3
   827 | D:2      | Noticed Natasha
   840 | D:2      | Slain by Natasha

Illustrated notes

Levels and vault maps discovered:
D:1:      spicycebolla_arrival_clurvy, layout_rooms, kennysheep_another_room,
          minmay_shallow_snake_nest
D:2:      layout_loops_ring, serial_shops, nicolae_diamond_shop,
          nicolae_figureground_pulse, uniq_natasha

Skill      XL: |  1  2  3 |
---------------+----------+-----
Armour         | 4 |  4.2
Fighting       | 4 |  4.3
Long Blades    | 3 |  3.6
Shields        | 4 |  4.0
Dodging        | |  0.1

Action                     |  1- 3 |  4- 6 || total
---------------------------+-------+-------++-------
  Melee: Long sword        |    79 |    10 ||    89
         Headbutt          |     9 |       ||     9
 Armour: Scale mail        |    48 |     6 ||    54
  Dodge: Dodged            |    40 |     6 ||    46
  Block: Buckler           |    15 |     5 ||    20

Table legend: (Time is in decaauts)
 A = Elapsed time spent in this place.
 B = Non-inter-level travel time spent in this place.
 C = Inter-level travel time spent in this place.
 D = Time resting spent in this place.
 E = Time spent auto-exploring this place.
 F = Levels seen in this place.
 G = Mean time per level.
                   A        B        C        D        E       F      G
               +--------+--------+--------+--------+--------+-----+--------+
         Total |    863 |    852 |     11 |      0 |    650 |   2 |  431.5 |
       Dungeon |    863 |    852 |     11 |      0 |    650 |   2 |  431.5 |
               +--------+--------+--------+--------+--------+-----+--------+

Top non-repeatable levels by time:
     D:1: 516 daAuts
     D:2: 347 daAuts
